Map: Pylon LE

Players

bingbong

  • Race: Terran Terran
  • Spawn Location: 11:00

Cain - Winner!

  • Race: Terran Terran
  • League: Gold
  • Spawn Location: 5:00

VOD

Have the link to the VOD?

Description

Time

  • Played on: Aug. 9, 2025, 9:43 p.m.
  • Length: 11:08
Show
View Real Time Build Order
Export as new Build Order

bingbong Terran 

Build Orders: Liberator Opening 

Get SALT Encoding   

  12  0:00  SCV  
  13  0:12  SCV  
  14  0:17  Supply Depot  
  14  0:24  SCV  
  15  0:39  SCV  
  15  0:41  Barracks  
  16  0:48  Refinery  
  16  0:50  Refinery  
  16  0:52  SCV  
  17  1:04  SCV  
  18  1:16  SCV  
  19  1:28  Reaper  
  21  1:34  Orbital Command  
  20  1:47  Supply Depot  
  20  1:50  Factory  
  20  2:01  SCV  
  21  2:10  Reaper  
  22  2:19  SCV  
  23  2:28  Command Center  
  23  2:31  SCV  
  24  2:44  Barracks Reactor  
  24  2:46  Factory Tech Lab  
  24  2:53  SCV  
  24  3:06  Starport  
  24  3:11  SCV  
  24  3:23  Marine x2  
  24  3:26  Cyclone  
  29  3:28  SCV  
  30  3:40  SCV  
  31  3:41  Marine x2  
  33  3:51  Liberator  
  36  3:57  Supply Depot  
  36  4:01  Orbital Command  
  36  4:03  SCV  
  37  4:15  Command Center, SCV  
  37  4:16  Barracks  
  38  4:18  Barracks  
  38  4:20  Marine  
  39  4:27  SCV  
  40  4:31  SCV  
  41  4:39  SCV  
  41  4:43  SCV  
  43  4:50  Siege Tank  
  43  4:52  SCV  
  47  4:54  Starport Reactor  
  47  4:55  Marine x2  
  47  4:56  SCV  
  50  5:04  Barracks Tech Lab  
  50  5:06  Barracks Tech Lab  
  50  5:07  SCV  
  50  5:08  SCV  
  52  5:19  SCV  
  53  5:24  Refinery  
  53  5:25  SCV  
  53  5:26  Refinery  
  53  5:27  Marine x2  
  56  5:28  Stimpack  
  56  5:29  Combat Shield  
  56  5:30  Marauder x2  
  56  5:32  SCV  
  61  5:37  SCV  
  61  5:40  Engineering Bay x2  
  61  5:41  Siege Tank  
  61  5:42  Starport Reactor  
  65  5:45  Marine x2  
  67  5:52  Marauder  
  69  6:03  Supply Depot  
  69  6:04  Supply Depot  
  69  6:05  SCV x2  
  69  6:11  Orbital Command  
  71  6:13  Terran Infantry Weapons Level 1  
  71  6:17  Terran Infantry Armor Level 1, SCV x2  
  73  6:27  Barracks  
  73  6:29  SCV x2  
  72  6:33  Barracks  
  72  6:41  SCV x2  
  72  6:45  Orbital Command  
  74  6:49  Marauder x2, Marine x2  
  74  6:53  SCV x2  
  82  6:55  Armory  
  82  6:59  Siege Tank  
  82  7:01  Medivac x2  
  87  7:06  SCV x2  
  87  7:07  Marine x2  
  93  7:17  Supply Depot  
  93  7:18  Supply Depot  
  93  7:39  Marauder, Marine x4, SCV x2  
  93  7:40  Supply Depot, Marauder, Marine, SCV  
  105  7:51  Supply Depot, SCV x2  
  107  7:52  SCV  
  107  7:56  Marine x3  
  107  7:58  Marine x2  
  113  8:00  Marauder  
  113  8:01  Marauder  
  113  8:02  Concussive Shells  
  117  8:08  Supply Depot  
  117  8:09  Refinery  
  117  8:10  Refinery  
  117  8:14  Marine x3  
  117  8:15  Marine  
  117  8:16  Marine  
  122  8:22  Marauder  
  122  8:23  Marauder  
  126  8:32  Marine x3  
  126  8:33  Marine  
  106  8:42  Marine  
  106  8:43  Marauder  
  106  8:44  Marauder  
  100  8:50  Marine x3  
  100  8:51  Marine  
  90  9:00  Marine  
  90  9:02  Barracks  
  88  9:03  Barracks  
  88  9:04  Siege Tank  
  88  9:05  Marauder  
  88  9:06  Barracks, Marauder  
  88  9:07  SCV x3  
  88  9:08  Marine x2  
  96  9:22  Command Center  
  96  9:27  Marine  
  96  9:28  Marauder x2, Marine x4  
  95  9:44  Viking x2  
  95  9:45  Marine x4  
  92  9:46  Marine  
  92  9:48  Marine x2  
  91  9:55  Missile Turret  
  81  10:03  Marine x5  
  81  10:06  Marine x2, SCV  
  81  10:07  SCV x2  
  79  10:19  SCV x2  
  77  10:25  Marauder x2  
  77  10:30  Marine  
  77  10:31  Marine x5, SCV x2  
  81  10:43  SCV  
Show
View Real Time Build Order
Export as new Build Order

Cain Terran - Winner!

Build Orders:  

Get SALT Encoding   

  12  0:01  SCV  
  13  0:14  SCV  
  14  0:24  Supply Depot  
  14  0:26  SCV  
  15  0:33  Refinery  
  15  0:46  SCV  
  16  0:51  Barracks  
  16  0:58  SCV  
  17  1:10  SCV  
  18  1:22  SCV  
  19  1:34  SCV  
  19  1:39  Marine  
  21  1:40  Command Center  
  21  1:49  Supply Depot, SCV  
  22  1:59  Marine  
  23  2:05  Factory  
  23  2:10  SCV  
  23  2:13  Refinery  
  24  2:17  Marine  
  25  2:22  SCV  
  25  2:29  Engineering Bay  
  26  2:35  SCV  
  26  2:36  Marine  
  28  2:47  SCV  
  28  2:50  Factory Tech Lab  
  29  2:54  Marine  
  30  3:11  Marine  
  31  3:15  Siege Tank  
  34  3:27  Supply Depot  
  34  3:29  Marine  
  34  3:32  SCV  
  36  3:40  Supply Depot  
  36  3:42  Supply Depot  
  36  3:44  SCV  
  36  3:47  Marine  
  36  3:48  Supply Depot  
  38  3:55  Missile Turret  
  38  4:02  Missile Turret  
  38  4:07  SCV x2  
  40  4:19  Planetary Fortress, SCV  
  40  4:24  Refinery  
  41  4:27  Missile Turret  
  41  4:31  Refinery  
  41  4:33  SCV  
  41  4:34  Missile Turret  
  42  4:46  Starport  
  42  4:47  Marine, SCV  
  44  5:11  SCV x2  
  44  5:24  Missile Turret  
  44  5:27  Starport Tech Lab  
  42  5:28  Missile Turret  
  42  5:35  Fusion Core  
  42  5:36  SCV x2  
  44  5:48  SCV x2  
  44  5:49  Missile Turret  
  46  6:00  SCV x2  
  48  6:05  Missile Turret  
  48  6:09  Missile Turret  
  48  6:12  SCV x2  
  50  6:24  SCV  
  51  6:25  SCV  
  51  6:28  Battlecruiser  
  58  6:48  SCV x2  
  60  6:54  Starport  
  60  7:06  SCV x2  
  62  7:09  Missile Turret  
  62  7:12  Missile Turret  
  62  7:16  Missile Turret  
  62  7:22  SCV x2  
  64  7:31  Starport Tech Lab  
  64  7:42  Missile Turret x2  
  64  7:43  Siege Tank  
  67  7:44  Missile Turret  
  67  7:52  Supply Depot  
  67  8:03  Missile Turret  
  67  8:04  Battlecruiser  
  73  8:14  Battlecruiser  
  73  8:15  Weapon Refit  
  79  8:24  Supply Depot  
  58  9:09  Battlecruiser  
  64  9:16  SCV x2  
  66  9:28  SCV x2  
  68  9:40  SCV  
  75  9:52  Battlecruiser  
Tags
 
League
Gold
Matchup
TvT
Race
Terran
Spawn Locations
Cross Positions
Add a new tag
Caveats
  • Supply blocks, unpowered buildings, or Contaminate may cause inaccurate times.
  • Supply counts are checked every 10 seconds.